 Dungeon Crawl Stone Soup version 0.25-a0-35-g747a2b3c0c (webtiles) character file.

Game seed: 6926617491384332340, levelgen mode: deterministic

113735 Kae the Black Belt (level 16, -14/125 HPs)
             Began as a Demonspawn Monk on Oct 11, 2019.
             Was a High Priest of Okawaru.
             Demolished by a large abomination (17 damage)
             ... on level 1 of the Abyss on Oct 18, 2019.
             The game lasted 00:43:08 (32266 turns).

Kae the Black Belt (Demonspawn Monk)               Turns: 32266, Time: 00:43:09

Health: -14/125    AC: 20    Str: 15    XL:     16   Next: 14%
Magic:  0/26       EV: 22    Int: 14    God:    Okawaru [*****.]
Gold:   2709       SH:  3    Dex: 24    Spells: 9/15 levels left

rFire    + . .     SeeInvis .     - Unarmed
rCold    . . .     Gourm    .   (no shield)
rNeg     . . .     Faith    .   k - +1 ring mail
rPois    .         Spirit   +   G - +5 hat of the Hanged Man {*Slow Str+2 Slay+4}
rElec    .         Reflect  +   W - +1 cloak
rCorr    .         Harm     .   V - +2 pair of gloves {Dex+3}
MR       ++...                  (boots unavailable)
Stlth    +++++.....             M - +3 amulet of reflection
HPRegen  0.30/turn              S - ring of protection from magic
MPRegen  0.40/turn              U - +3 ring of evasion

@: heroism, finesse, slowed, very slow
A: antennae 1, talons 3, thin metallic scales 2, [blurry vision 2], fire
resistance 1, strong 1, magic shield, magic regeneration, magic link, [subdued
magic 2], MP-powered wands
a: Heroism, Finesse, Renounce Religion


You were on level 1 of the Abyss.
You worshipped Okawaru.
Okawaru was extremely pleased with you.
You were not hungry.

You visited 3 branches of the dungeon, and saw 23 of its levels.
You visited the Abyss 1 time.

You collected 2893 gold pieces.
You spent 184 gold pieces at shops.

Inventory:

Missiles
 j - 41 boomerangs (quivered)
 w - 436 arrows
Armour
 k - a +1 ring mail (worn)
 G - the +5 hat of the Hanged Man (worn) {*Slow Str+2 Slay+4}
   (Okawaru gifted it to you on level 10 of the Dungeon)

   It affects your strength (+2).
   It affects your accuracy and damage with ranged weapons and melee attacks
   (+4).
   It may slow you when you take damage.
 K - a +2 pair of boots of stealth
 V - a +2 pair of gloves of dexterity (worn)
 W - a +1 cloak (worn)
Jewellery
 c - an uncursed ring of positive energy
 h - an uncursed ring of wizardry
 i - a +3 ring of intelligence
 q - a +2 ring of protection
 u - an uncursed ring of magical power
 x - a +4 ring of intelligence
 E - an uncursed ring of protection from fire
 J - an uncursed ring of magical power
 M - a +3 amulet of reflection (around neck)
 S - a ring of protection from magic (left hand)
 U - a +3 ring of evasion (right hand)
Wands
 d - a wand of acid (7)
 l - a wand of polymorph (19)
 m - a wand of paralysis (9)
 C - a wand of flame (48)
 F - a wand of iceblast (10)
 I - a wand of random effects (29)
 N - a wand of clouds (7)
 Q - a wand of digging (6)
Scrolls
 e - 4 scrolls of teleportation
 f - 3 scrolls of fog
 o - 6 scrolls of remove curse
 p - 3 scrolls of blinking
 v - 5 scrolls of amnesia
 y - 2 scrolls of brand weapon
 A - a scroll of magic mapping
 D - a scroll of fear
 O - 2 scrolls of identify
Potions
 a - 2 potions of curing
 g - 2 potions of invisibility
 n - 2 potions of flight
 r - 3 potions of haste
 s - 3 potions of resistance
 t - 4 potions of mutation
 z - 2 potions of brilliance
 B - 5 potions of might
 H - 2 potions of ambrosia
 P - 4 potions of cancellation
 R - a potion of berserk rage
Comestibles
 b - 53 rations


   Skills:
 - Level 11.0(16.0) Fighting
 - Level 5.0(10.0) Dodging
 - Level 6.0(11.0) Stealth
 - Level 18.0(23.0) Unarmed Combat
 + Level 12.3 Transmutations
 - Level 13.3 Invocations


You had 9 spell levels left.
You knew the following spells:

 Your Spells              Type           Power        Failure   Level  Hunger
a - Beastly Appendage     Tmut           ###...       1%          1    ##.....
b - Blade Hands           Tmut           ###.......   6%          5    ######.

Your spell library contained the following spells:

 Spells                   Type           Power        Failure   Level  Hunger
 Sticks to Snakes         Tmut           ###.....     1%          2    ###....
 Spider Form              Tmut/Pois      ##........   9%          3    ####...
 Ice Form                 Ice/Tmut       ##......     32%         4    #####..
 Animate Skeleton         Necr           N/A          38%         1    ##.....
 Magic Dart               Conj           #...         38%         1    ##.....
 Pain                     Necr           #...         38%         1    ##.....
 Summon Small Mammal      Summ           #...         38%         1    ##.....
 Blink                    Tloc           N/A          54%         2    ###....
 Call Imp                 Summ           #.......     54%         2    ###....
 Searing Ray              Conj           #.....       54%         2    ###....
 Slow                     Hex            #.......     54%         2    ###....
 Yara's Violent Unravell  Hex/Tmut       ##........   69%         5    ######.
 Call Canine Familiar     Summ           #.......     78%         3    ####...
 Conjure Flame            Conj/Fire      #.......     78%         3    ####...
 Dazzling Spray           Conj/Hex       #.....       78%         3    ####...
 Mephitic Cloud           Conj/Pois/Air  #.......     78%         3    ####...
 Regeneration             Chrm/Necr      #.........   78%         3    ####...
 Summon Guardian Golem    Hex/Summ       #.......     78%         3    ####...
 Vampiric Draining        Necr           #.........   78%         3    ####...
 Animate Dead             Necr           N/A          99%         4    #####..
 Cause Fear               Hex            #.........   99%         4    #####..
 Force Lance              Conj/Tloc      #.......     99%         4    #####..
 Fulminant Prism          Conj/Hex       #.........   99%         4    #####..
 Iskenderun's Mystic Bla  Conj           #.......     99%         4    #####..
 Summon Ice Beast         Ice/Summ       #.......     99%         4    #####..
 Summon Lightning Spire   Summ/Air       #.......     99%         4    #####..
 Silence                  Hex/Air        #.........   100%        5    ######.
 Deflect Missiles         Chrm/Air       #.........   100%        6    #######
 Discord                  Hex            #.........   100%        8    #######


Dungeon Overview and Level Annotations

Branches:
Dungeon (15/15)            Temple (0/1) D:6            Lair (6/6) D:11
 Shoals (0/4) Lair:2       Spider (0/4) Lair:2        Slime (0/5) Lair:6
    Orc (2/2) D:9             Elf (0/3) Orc:2        Vaults (0/5) D:14
 Depths (0/5) D:15

Altars:
Ashenzari
Dithmenos
Gozag
Hepliaklqana
Makhleb
Okawaru
Qazlal
Trog
Uskayaw
The Shining One
Beogh
Lugonu

Shops:
D:7 }   D:8 ([}   Orc:1 (   Orc:2 [*(=

Annotations:
D:14 2 runed translucent doors
Lair:2 3 runed translucent doors, oberejnoburuli's ghost, journeyman DrCj
Lair:3 exclusion: 4 oklob plants
Orc:2 Sonja
Abyss:1 1 runed translucent door


Innate Abilities, Weirdness & Mutations

You have claws for feet.
You are mostly covered in thin metallic scales. (AC +3)
Your flesh is heat resistant. (rF+)
When hurt, damage is shared between your health and your magic reserves.
You regenerate magic rapidly.
When low on magic, you restore magic in place of health.
You have a pair of small antennae on your head.
Your muscles are strong. (Str +2)
You expend magic power (3 MP) to strengthen your wands.
[Scrolls take you longer to read.]
[Your spells are easier to cast, but less powerful.]


Message History

The bone dragon claws you but does no damage.
The bone dragon closely misses you.
You hit the bone dragon but do no damage.
You claw the bone dragon, but do no damage.
The bone dragon is heavily damaged.
You pummel the bone dragon!!
You claw the bone dragon, but do no damage.
The bone dragon is severely damaged.
You punch the bone dragon! Your kick misses the bone dragon.
The bone dragon is severely damaged.
The bone dragon bites you.
* * * LOW HITPOINT WARNING * * *
The bone dragon barely misses you. The bone dragon tramples you.
* * * LOW HITPOINT WARNING * * *
You stumble backwards!
You punch the bone dragon!
You claw the bone dragon, but do no damage.
The bone dragon is almost destroyed.
The large abomination hits you!!
You die...

. . .# . . #. ..
.....#. ..#
...#.#####....# .
..#.#.............
##..............#
###............_...#
#.................# .
#$................#
.......@D......... .
........X...... ...
.#........#...........
.........##....#. . .
. ........### ..###..#
. ..##..#.# #.... . .
. ##.##. ≈ ....####...
.# . .. #. ..


You could see a bone dragon and a large abomination.

Vanquished Creatures
  2 tentacled starspawn (Abyss:1)
  Donald (Orc:2)
  2 orc warlords
  A frost giant (D:15)
  Nessos (Orc:2)
  A fire dragon (D:14)
  6 hydras
  8 vault guards
  A catoblepas (Lair:6)
  Erica (D:8)
  2 centaur warriors
  3 two-headed ogres
  A deep troll shaman (Lair:6)
  A deep troll earth mage (D:14)
  2 tengu warriors
  4 orc high priests (Orc:2)
  A thrashing horror (Abyss:1)
  6 death yaks (Lair:6)
  A dancing weapon (D:15)
  2 wretched stars (Abyss:1)
  An unseen horror (D:12)
  2 cherubim (D:15)
  A glowing orange brain (Abyss:1)
  3 starcursed masses (Abyss:1)
  A swamp dragon (shapeshifter) (D:15)
  A deep elf archer (D:12)
  2 deep elf magi
  5 orc knights
  6 manticores
  6 orc sorcerers (Orc:2)
  2 oklob plants (D:11)
  14 ugly things
  A cyclops (D:12)
  A worldbinder (Abyss:1)
  3 elephants (Lair:6)
  Joseph (D:8)
  5 black mambas
  A black mamba (shapeshifter) (Abyss:1)
  A storm dragon simulacrum (Abyss:1)
  An orange demon (Abyss:1)
  8 komodo dragons
  18 spiny frogs
  6 yaktaurs (D:15)
  A kobold demonologist (D:12)
  3 efreet
  A redback zombie (D:15)
  8 rime drakes
  2 ancient zymes (Abyss:1)
  3 red devils (D:11)
  A polar bear (Lair:2)
  A queen bee (Lair:1)
  A hornet (D:12)
  8 trolls
  Prince Ribbit (Lair:3)
  Grinder (D:6)
  A harpy skeleton (D:15)
  15 slime creatures
  17 blink frogs
  A meliai zombie (D:13)
  21 hippogriffs
  Sigmund (D:2)
  A spriggan (D:7)
  A wraith (Abyss:1)
  12 wyverns
  A ynoxinul (Abyss:1)
  A vampire (D:15)
  3 golden eyes (Abyss:1)
  4 large abominations (Abyss:1)
  19 yaks
  10 basilisks
  A hungry ghost (D:14)
  A steam dragon (Lair:3)
  2 soldier ants
  14 water moccasins
  2 acid dragons
  A swamp drake (D:9)
  11 porcupines
  A hornet zombie (D:12)
  32 orc warriors
  6 black bears
  4 sky beasts
  A necrophage (D:14)
  6 ice beasts
  13 ogres
  8 centaurs
  2 eyes of draining
  18 wolves
  3 phantoms
  10 crocodiles
  A small abomination (Abyss:1)
  2 big kobolds
  19 bullfrogs
  A gnoll sergeant (D:10)
  A wyvern zombie (D:13)
  6 scorpions
  15 wights
  67 killer bees
  6 howler monkeys
  7 crimson imps
  A lava snake (Lair:5)
  3 centaur zombies
  2 quasits
  4 bullfrog skeletons
  16 jellies
  24 orc priests
  Crazy Yiuf (D:6)
  6 hounds
  5 centaur skeletons
  12 worker ants
  2 iguanas
  35 orc wizards
  A hell rat (Lair:3)
  A hound skeleton (D:9)
  14 gnolls
  11 adders
  8 shadow imps
  A white imp (D:7)
  2 ufetubi (Abyss:1)
  An adder skeleton (D:8)
  2 worms
  A dart slug (D:1)
  6 leopard geckos
  95 orcs
  6 giant cockroaches
  9 hobgoblins
  7 jackals
  3 quokkas
  2 ball pythons
  15 bats
  8 frilled lizards
  13 goblins
  12 kobolds
  A leopard gecko zombie (D:9)
  7 rats
  A bush (D:15)
  3 plants
  4 starspawn tentacles (Abyss:1)
882 creatures vanquished.

Vanquished Creatures (collateral kills)
  2 yaks (D:13)
  A water moccasin (D:13)
3 creatures vanquished.

Vanquished Creatures (others)
  A wizard (D:14)
  A queen bee (Lair:3)
  A howler monkey (D:14)
  2 orcs
  2 kobolds (D:12)
  12 fungi
  17 plants
  3 starspawn tentacles (Abyss:1)
39 creatures vanquished.

Grand Total: 924 creatures vanquished

Notes
Turn   | Place    | Note
-------+----------+-------------------------------------------
     0 | D:1      | Kae the Demonspawn Monk began the quest for the Orb.
     0 | D:1      | Reached XP level 1. HP: 18/18 MP: 1/1
    73 | D:1      | Reached skill level 3 in Unarmed Combat
    98 | D:1      | Gained mutation: Your flesh is heat resistant. (rF+)
                  | [demonic ancestry]
    98 | D:1      | Reached XP level 2. HP: 19/24 MP: 2/2
   666 | D:2      | Reached XP level 3. HP: 29/29 MP: 3/3
   728 | D:2      | Reached skill level 4 in Unarmed Combat
  1452 | D:2      | Found a bloodstained altar of Trog.
  1661 | D:2      | Noticed Sigmund
  1673 | D:2      | Gained mutation: You have a pair of small antennae on your
                  | head. [potion of mutation]
  1673 | D:2      | Gained mutation: Your muscles are strong. (Str +2) [potion
                  | of mutation]
  1673 | D:2      | Gained mutation: You expend magic power (3 MP) to
                  | strengthen your wands. [potion of mutation]
  2034 | D:3      | Gained mutation: You have sharp toenails. [demonic
                  | ancestry]
  2034 | D:3      | Reached XP level 4. HP: 32/35 MP: 4/4
  2287 | D:2      | Reached skill level 5 in Unarmed Combat
  2287 | D:2      | Gained mutation: When hurt, damage is shared between your
                  | health and your magic reserves. [demonic ancestry]
  2287 | D:2      | Reached XP level 5. HP: 32/41 MP: 5/5
  2831 | D:3      | Reached skill level 6 in Unarmed Combat
  3013 | D:3      | Noticed a sky beast
  3269 | D:4      | Reached XP level 6. HP: 45/47 MP: 4/6
  3503 | D:4      | Reached skill level 7 in Unarmed Combat
  3787 | D:4      | Found a glowing golden altar of the Shining One.
  3793 | D:4      | Gained mutation: You are partially covered in thin metallic
                  | scales. (AC +2) [demonic ancestry]
  3793 | D:4      | Reached XP level 7. HP: 47/52 MP: 7/7
  3797 | D:4      | Found an iron altar of Okawaru.
  3914 | D:4      | Found a burning altar of Makhleb.
  3915 | D:4      | Found a shattered altar of Ashenzari.
  4138 | D:2      | Killed Sigmund
  4199 | D:3      | Reached skill level 8 in Unarmed Combat
  4385 | D:5      | Entered Level 5 of the Dungeon
  4956 | D:5      | Reached skill level 9 in Unarmed Combat
  4956 | D:5      | Reached XP level 8. HP: 58/58 MP: 4/8
  5263 | D:4      | Became a worshipper of Warmaster Okawaru
  5263 | D:4      | Reached * piety under Okawaru
  5263 | D:4      | Reached ** piety under Okawaru
  5553 | D:6      | Reached skill level 10 in Unarmed Combat
  6028 | D:6      | Noticed Grinder
  6028 | D:6      | Paralysed by Grinder for 3 turns
  6039 | D:6      | Paralysed by Grinder for 7 turns
  6054 | D:6      | Killed Grinder
  6054 | D:6      | Reached *** piety under Okawaru
  6209 | D:6      | Found a runed translucent door.
  6210 | D:6      | Noticed Crazy Yiuf
  6288 | D:6      | Found a staircase to the Ecumenical Temple.
  6361 | D:6      | Reached skill level 11 in Unarmed Combat
  6361 | D:6      | Gained mutation: You have razor-sharp toenails. [demonic
                  | ancestry]
  6361 | D:6      | Reached XP level 9. HP: 44/63 MP: 0/9
  6697 | D:6      | Killed Crazy Yiuf
  7010 | D:7      | Found a shadowy altar of Dithmenos.
  7158 | D:7      | Reached skill level 12 in Unarmed Combat
  7276 | D:7      | Reached **** piety under Okawaru
  7678 | D:7      | Found Duakuid's Gadget Shoppe.
  8077 | D:8      | Noticed a two-headed ogre
  8085 | D:8      | Killed a two-headed ogre
  8085 | D:8      | Received a gift from Okawaru
  8085 | D:8      | Reached skill level 13 in Unarmed Combat
  8085 | D:8      | Reached XP level 10. HP: 70/70 MP: 7/10
  8109 | D:8      | Noticed Joseph
  8128 | D:8      | Killed Joseph
  8128 | D:8      | Reached ***** piety under Okawaru
  8128 | D:8      | Reached skill level 1 in Invocations
  8253 | D:8      | Noticed Erica
  8262 | D:8      | Killed Erica
  8451 | D:8      | Found Lilameich's Weapon Shop.
  8545 | D:8      | Found Loduveus's Gadget Emporium.
  8703 | D:8      | Found a hide-covered altar of Uskayaw.
  9178 | D:8      | Found Horilyeh's Antique Armour Emporium.
  9405 | D:9      | Noticed a two-headed ogre
  9419 | D:9      | Killed a two-headed ogre
  9419 | D:9      | Reached skill level 5 in Fighting
  9419 | D:9      | Reached skill level 14 in Unarmed Combat
  9419 | D:9      | Reached skill level 5 in Invocations
 10079 | D:9      | Found a staircase to the Orcish Mines.
 10099 | D:9      | Gained mutation: You regenerate magic rapidly. [demonic
                  | ancestry]
 10099 | D:9      | Reached XP level 11. HP: 48/80 MP: 5/15
 10133 | D:9      | Received a gift from Okawaru
 10684 | D:10     | Entered Level 10 of the Dungeon
 11033 | D:10     | Received a gift from Okawaru
 11103 | D:10     | Got a pitted hat {god gift}
 11109 | D:10     | Identified the +5 hat of the Hanged Man {*Slow Str+2
                  | Slay+4} (Okawaru gifted it to you on level 10 of the
                  | Dungeon)
 11202 | D:10     | Noticed a two-headed ogre
 11208 | D:10     | Killed a two-headed ogre
 11966 | D:11     | Noticed a purple ugly thing
 11977 | D:11     | Killed a purple ugly thing
 12193 | D:11     | Found a staircase to the Lair.
 12193 | D:11     | Noticed an oklob plant
 12193 | D:11     | Noticed an oklob plant
 12311 | D:11     | Found a corrupted altar of Lugonu.
 12555 | D:11     | Reached skill level 15 in Unarmed Combat
 12926 | D:11     | Found an iron altar of Okawaru.
 13041 | D:12     | Noticed a deep elf mage
 13153 | D:12     | Killed a deep elf mage
 13281 | D:12     | Killed an unseen horror
 13512 | D:12     | Gained mutation: When low on magic, you restore magic in
                  | place of health. [demonic ancestry]
 13512 | D:12     | Reached XP level 12. HP: 91/91 MP: 18/18
 13659 | D:12     | Received a gift from Okawaru
 13914 | D:12     | Received a gift from Okawaru
 14704 | Lair:1   | Entered Level 1 of the Lair of Beasts
 14705 | Lair:1   | Identified a scroll of acquirement
 14965 | Lair:1   | Reached skill level 10 in Invocations
 14980 | Lair:1   | Reached skill level 16 in Unarmed Combat
 15710 | Lair:2   | Found a runed translucent gate.
 15827 | Lair:2   | Found a runed translucent gate.
 15827 | Lair:2   | Found a runed translucent gate.
 15827 | Lair:2   | Noticed oberejnoburuli's ghost (journeyman DrCj)
 15877 | Lair:2   | HP: 4/94 [manticore (10)]
 16136 | Lair:2   | Found a staircase to the Shoals.
 16839 | Lair:2   | Found a hole to the Spider Nest.
 17316 | Lair:3   | Reached ****** piety under Okawaru
 17439 | Lair:3   | Reached XP level 13. HP: 93/101 MP: 19/21
 17758 | Lair:3   | Received a gift from Okawaru
 19085 | Lair:3   | Noticed Prince Ribbit
 19118 | Lair:3   | Killed Prince Ribbit
 19253 | Lair:3   | Found a shadowy altar of Dithmenos.
 19727 | Lair:4   | Reached skill level 17 in Unarmed Combat
 19965 | Lair:4   | Reached skill level 10 in Fighting
 19989 | Lair:4   | Received a gift from Okawaru
 21001 | Lair:5   | Gained mutation: You are mostly covered in thin metallic
                  | scales. (AC +3) [demonic ancestry]
 21001 | Lair:5   | Reached XP level 14. HP: 95/111 MP: 20/23
 21342 | Lair:6   | Entered Level 6 of the Lair of Beasts
 21368 | Lair:6   | Found a staircase to the Slime Pits.
 22012 | Lair:6   | Received a gift from Okawaru
 23486 | Lair:6   | Received a gift from Okawaru
 23491 | Lair:6   | Reached skill level 5 in Stealth
 23868 | Lair:6   | Upgraded the game from 0.24-a0-809-g71cb82dfb8 to
                  | 0.25-a0-35-g747a2b3c0c
 24248 | D:13     | Learned a level 1 spell: Beastly Appendage
 24343 | D:13     | Found a stormy altar of Qazlal.
 24567 | D:13     | Found an opulent altar of Gozag.
 24744 | D:14     | Reached skill level 18 in Unarmed Combat
 24758 | D:14     | Reached skill level 5 in Dodging
 24927 | D:14     | Reached skill level 1 in Transmutations
 24929 | D:14     | Paralysed by a wizard for 4 turns
 25453 | D:14     | Received a gift from Okawaru
 25546 | D:14     | Received a gift from Okawaru
 25546 | D:14     | Reached XP level 15. HP: 35/118 MP: 10/25
 25552 | D:14     | Reached skill level 5 in Transmutations
 25731 | D:14     | Noticed an orc warlord
 25745 | D:14     | Killed an orc warlord
 25812 | D:14     | Found a large runed translucent door.
 26014 | D:14     | Found a large runed translucent door.
 26014 | D:14     | Found a bloodstained altar of Trog.
 26201 | D:14     | Found a hazy altar of Hepliaklqana.
 26235 | D:14     | Found a gate to the Vaults.
 26435 | D:15     | Entered Level 15 of the Dungeon
 28604 | D:15     | Learned a level 5 spell: Blade Hands
 28733 | D:15     | Found a staircase to the Depths.
 28733 | D:15     | Noticed a frost giant
 28743 | D:15     | Killed a frost giant
 28743 | D:15     | Received a gift from Okawaru
 29056 | Orc:1    | Entered Level 1 of the Orcish Mines
 29305 | Orc:2    | Entered Level 2 of the Orcish Mines
 29425 | Orc:2    | Noticed Sonja
 29488 | Orc:2    | Noticed Nessos
 29497 | Orc:2    | Killed Nessos
 29613 | Orc:2    | Reached skill level 10 in Transmutations
 30053 | Orc:1    | Found Vobb's Weapon Shop.
 30073 | Orc:1    | Found a roughly hewn altar of Beogh.
 30550 | Orc:2    | Noticed an orc warlord
 30574 | Orc:2    | Killed an orc warlord
 30903 | Orc:2    | Received a gift from Okawaru
 31008 | Orc:2    | Noticed Donald
 31023 | Orc:2    | Killed Donald
 31263 | Orc:2    | Found a staircase to the Elven Halls.
 31357 | Orc:2    | Found Zymuu's Antique Armour Shoppe.
 31358 | Orc:2    | Found Antukk's Antique Weapon Shoppe.
 31359 | Orc:2    | Found Fuatwokk's General Store.
 31359 | Orc:2    | Found Poasch Vuap's Jewellery Emporium.
 31373 | Orc:2    | Bought a glowing scarf for 184 gold pieces
 31639 | Orc:2    | Cast into level 1 of the Abyss (Sonja)
 31639 | Abyss:1  | Found a corrupted altar of Lugonu.
 31696 | Abyss:1  | Found a runed translucent gate.
 31697 | Abyss:1  | Found a runed translucent gate.
 31697 | Abyss:1  | Found a runed translucent gate.
 31799 | Abyss:1  | Found a runed translucent gate.
 31799 | Abyss:1  | Found a runed translucent gate.
 31799 | Abyss:1  | Found a runed translucent gate.
 31882 | Abyss:1  | Gained mutation: You have claws for feet. [demonic
                  | ancestry]
 31882 | Abyss:1  | Reached XP level 16. HP: 71/125 MP: 22/26
 31922 | Abyss:1  | Noticed a tentacled starspawn
 31963 | Abyss:1  | Killed a tentacled starspawn
 32084 | Abyss:1  | Found a corrupted altar of Lugonu.
 32177 | Abyss:1  | Noticed a tentacled starspawn
 32189 | Abyss:1  | Killed a tentacled starspawn
 32243 | Abyss:1  | Noticed a bone dragon
 32265 | Abyss:1  | HP: 3/125 [bone dragon (4)]
 32266 | Abyss:1  | Demolished by a large abomination

Levels and vault maps discovered:
D:1:      tarquinn_simple_flora_water_e, layout_loops_ring
D:2:      layout_basic, bloody_trog, uniq_sigmund
D:3:      layout_loops_ring
D:4:      layout_cave_pools, nicolae_overflow_hidden_temple,
          chequers_serial_rivers_micro_b, serial_bayou_pond_e, hex_tiny
D:5:      layout_rooms, first_ration
D:6:      layout_rooms, kennysheep_crisscross, nicolae_lava_and_water,
          uniq_crazy_yiuf_cottage, uniq_grinder
D:7:      layout_basic, nicolae_overflow_crystal_walls, serial_shops,
          kennysheep_mini, the_bakery, minmay_fire_ice_demons
D:8:      layout_rooms, eat_drink_and_be_merry_uskayaw, serial_co_window_serial,
          co_window_of_opportunity_a, co_window_paths_a, co_window_corner_a,
          co_window_paths_a, co_window_paths_a, co_window_2corner,
          co_window_unsneaky_path_b, co_window_of_opportunity_c,
          co_window_broadway_a, co_window_unsneaky_path_c, co_window_paths_c,
          glass_columns_a, glass_columns_a, glass_columns_a, glass_columns_b,
          glass_columns_b, serial_shops, shop_fountains,
          nicolae_shop_behind_doors, shop, roderic_batcave, uniq_joseph,
          uniq_erica
D:9:      layout_loops_cross, erik_orc_1, hangedman_decor_push, minivault_24,
          minmay_holes
D:10:     layout_basic
D:11:     layout_long_grid, dpeg_oklobed_lair, basic_altar, lemuel_hellish_altar
D:12:     layout_long_grid, minmay_bent
D:13:     layout_cave_pools, hangedman_feature_mirror
D:14:     layout_big_octagon, erik_vaults_2, hangedman_decor_riveting,
          jmf_multi_god_temple2
D:15:     grunt_enter_depths_snipers, layout_long_grid, serial_park_central
          [serial_park_minivault_5x5_7, serial_park_minivault_5x5_5], pf_eden
Lair:1:   layout_long_grid, special_room [special_room_bee]
Lair:2:   layout_hall_layers, minmay_shoals_entry_beasts,
          spider_nest_entry_web_field, gammafunk_ghost_necromancy,
          infiniplex_staircase_pool_2, grunt_megastairs_5, lemuel_fruit_fields
Lair:3:   hangedman_what_comes_after_a, layout_regular_city, basic_altar,
          grunt_megastairs_2, uniq_prince_ribbit2
Lair:4:   layout_roguey [special_room_mythical_zoo]
Lair:5:   layout_gridlike, grunt_megastairs_3
Lair:6:   grunt_lair_end_beastmaster, layout_regular_city,
          minmay_slime_entry_jelly_boxes, chequers_serial_rivers_small_3,
          serial_bayou_ford_a
Orc:1:    layout_caves, basic_altar, serial_shops, shop
Orc:2:    st_orc_congregation, layout_caves, uniq_donald, uniq_sonja,
          uniq_nessos
Abyss:1

Skill      XL: |  1  2  3  4  5  6  7  8  9 10 11 12 13 14 15 16 |
---------------+-------------------------------------------------+-----
Unarmed Combat | 3 4 5 6 7 9 11 13 14 15 16 17 18 | 18.0
Invocations    | 5 8 10 12 13 | 13.3
Fighting       | 5 7 9 10 11 | 11.0
Stealth        | 3 6 |  6.0
Dodging        | 3 5 |  5.0
Transmutations | 4 11 12 | 12.3

Action                   |  1- 3 |  4- 6 |  7- 9 | 10-12 | 13-15 | 16-18 || total
-------------------------+-------+-------+-------+-------+-------+-------++-------
Melee: Unarmed           |   165 |   145 |   325 |   745 |  1535 |    77 ||  2992
       Kick              |       |    46 |    85 |   184 |       |    33 ||   348
       Punch             |       |     6 |    22 |    84 |   188 |    12 ||   312
Throw: Boomerang         |       |       |     5 |       |     2 |       ||     7
 Cast: Blade Hands       |       |       |       |       |     4 |       ||     4
Invok: Heroism           |       |       |     2 |    22 |    27 |     4 ||    55
       Finesse           |       |       |       |       |     4 |     1 ||     5
Evoke: Wand              |       |       |     5 |     1 |       |       ||     6
  Use: Potion            |     2 |       |     2 |     7 |     5 |     2 ||    18
       Scroll            |       |     6 |     8 |    13 |    13 |       ||    40
 Stab: Sleeping          |     6 |       |     2 |     3 |    25 |       ||    36
       Paralysed         |       |       |     7 |       |       |       ||     7
       Invisible         |       |       |       |       |    27 |       ||    27
       Distracted        |       |       |       |       |     7 |     1 ||     8
       Petrified         |       |       |       |       |     2 |       ||     2
       Petrifying        |       |       |       |       |     1 |       ||     1
  Eat: Chunk             |     2 |     7 |    10 |    24 |    37 |       ||    80
       Ration            |       |       |     1 |     2 |     4 |     1 ||     8
Armor: Robe              |    14 |       |       |       |       |       ||    14
       Ring mail         |     5 |    28 |    80 |   285 |   560 |     7 ||   965
       Skin              |       |       |    12 |       |       |       ||    12
Dodge: Dodged            |   133 |    55 |   158 |   574 |  1083 |    41 ||  2044
Block: Other             |       |       |       |       |   119 |     7 ||   126
       Reflection        |       |       |       |       |     5 |       ||     5

Table legend:
 A = Non-vault XP
 B = Vault XP
 C = Vault XP percentage of total XP
 D = Non-vault monster count
 E = Vault monster count
 F = Vault count percentage of total count
                 A         B        C        D         E       F
            +---------+---------+-------+---------+---------+-------
      Total |   92988 |   69491 |  42.8 |     592 |     287 |  32.7
            +---------+---------+-------+---------+---------+-------
        D:1 |      40 |       0 |   0.0 |      24 |       0 |   0.0
        D:2 |     115 |     227 |  66.4 |      24 |       1 |   4.0
        D:3 |     331 |       0 |   0.0 |      23 |       0 |   0.0
        D:4 |     459 |       0 |   0.0 |      23 |       0 |   0.0
        D:5 |     729 |       0 |   0.0 |      16 |       0 |   0.0
        D:6 |     748 |     321 |  30.0 |      19 |       2 |   9.5
        D:7 |    1968 |     281 |  12.5 |      23 |       3 |  11.5
        D:8 |    2457 |    1431 |  36.8 |      30 |      11 |  26.8
        D:9 |    2054 |     588 |  22.3 |      25 |      16 |  39.0
       D:10 |    3656 |       0 |   0.0 |      34 |       0 |   0.0
       D:11 |    2820 |    2138 |  43.1 |      26 |       5 |  16.1
       D:12 |    6179 |    2171 |  26.0 |      45 |       8 |  15.1
       D:13 |    4464 |    1151 |  20.5 |      22 |       3 |  12.0
       D:14 |    6022 |   12320 |  67.2 |      26 |      13 |  33.3
       D:15 |   16045 |    5372 |  25.1 |      44 |       6 |  12.0
     Lair:1 |     767 |    1720 |  69.2 |       4 |      24 |  85.7
     Lair:2 |    3438 |    1251 |  26.7 |      18 |       4 |  18.2
     Lair:3 |    5765 |    8738 |  60.2 |      20 |      61 |  75.3
     Lair:4 |    3542 |    5746 |  61.9 |      11 |      24 |  68.6
     Lair:5 |    5228 |     367 |   6.6 |      23 |       1 |   4.2
     Lair:6 |    8536 |   10679 |  55.6 |      29 |      30 |  50.8
      Orc:1 |    1197 |       0 |   0.0 |      31 |       0 |   0.0
      Orc:2 |    3816 |   14990 |  79.7 |      24 |      75 |  75.8
    Abyss:1 |   12612 |       0 |   0.0 |      28 |       0 |   0.0
            +---------+---------+-------+---------+---------+-------
